 Dungeon Crawl Stone Soup version 0.28-a0-899-gf2b78a14d2 (webtiles) character file.

Game seed: 17882805619690340014

55 Notrik the Skirmisher (level 3, -4/34 HPs)
             Began as a Hill Orc Fighter on Nov 23, 2021.
             Was a Follower of Okawaru.
             Slain by an orc (8 damage)
             ... on level 3 of the Dungeon.
             The game lasted 00:04:34 (1845 turns).

Notrik the Skirmisher (Hill Orc Fighter)            Turns: 1845, Time: 00:04:34

Health: -4/34      AC:  6    Str: 19    XL:     3   Next: 93%
Magic:  3/3        EV:  9    Int:  8    God:    Okawaru [*.....]
Gold:   83         SH:  4    Dex: 10    Spells: 2/2 levels left

rFire   . . .      SeeInvis .   a - +0 war axe
rCold   . . .      Faith    .   c - +0 buckler
rNeg    . . .      Spirit   .   b - +0 scale mail
rPois   .          Reflect  .   (no helmet)
rElec   .          Harm     .   (no cloak)
rCorr   .          Rampage  .   (no gloves)
Will    .....                   (no boots)
Stlth   ..........              (no amulet)
HPRegen 0.11/turn               (no ring)
MPRegen 0.08/turn               (no ring)

@: no status effects
A: no striking features
a: Renounce Religion, Heroism


You were on level 3 of the Dungeon.
You worshipped Okawaru.
Okawaru was aware of your devotion.
You visited 1 branch of the dungeon, and saw 3 of its levels.

You collected 83 gold pieces.

Inventory:

Hand Weapons
 a - a +0 war axe (weapon)
Armour
 b - a +0 scale mail (worn)
 c - a +0 buckler (worn)
Scrolls
 e - 2 scrolls of identify {unknown}
 f - a scroll of teleportation {unknown}
 g - a scroll of enchant armour {unknown}
Potions
 d - a potion of might


   Skills:
 + Level 4.7 Fighting
 + Level 4.3 Axes
 - Level 3.2 Armour
 - Level 3.2 Shields


You had 2 spell levels left.
You didn't know any spells.
Your spell library was empty.

Dungeon Overview and Level Annotations

Branches:
Dungeon (3/15)

Altars:
Okawaru
Vehumet


Message History

There is a stone staircase leading up here.
An orc comes into view. It is wielding a +0 club.
The orc shouts!
You hear a shout!
An orc comes into view. It is wielding a +0 mace.
The orc shouts!
A dart slug comes into view.
You closely miss the orc. The orc hits you but does no damage.
Your shield and scale mail prevent you from hitting the orc.
The orc hits you with a +0 club.
An orc comes into view.
It is wielding a +1 trident of freezing.
The orc shouts!
You hit the orc.
The orc is lightly wounded.
The orc hits you with a +0 club. The orc misses you.
You slash the orc!
You kill the orc!
Okawaru accepts your kill.
An orc comes into view. It is wielding a +0 hand axe.
The orc closely misses you.
You hit the orc.
The orc is lightly wounded.
The orc hits you with a +0 mace.
You barely miss the orc.
The orc is lightly wounded.
The orc hits you with a +0 mace.
The orc hits you from afar with a +1 trident of freezing!
The orc freezes you.
You barely miss the orc.
The orc is lightly wounded.
The orc hits you but does no damage.
The orc hits you from afar with a +1 trident of freezing!
* * * LOW HITPOINT WARNING * * *
The orc freezes you.
* * * LOW HITPOINT WARNING * * *
The orc hits you with a +0 mace.
* * * LOW HITPOINT WARNING * * *
You hit the orc.
The orc is moderately wounded.
The orc hits you from afar with a +1 trident of freezing!
You die...

#.##.#..# #.##..#.#
#.......# . ####.####
.. #.# ##.#
###########.# .....
#...........#
.....o###.###########
#oo@..# #######


You could see 3 orcs.

Vanquished Creatures
  An adder (D:2)
  A worm (D:2)
  A dart slug (D:2)
  An orc (D:3)
  2 endoplasms (D:2)
  2 goblins
  6 hobgoblins
  6 jackals
  A quokka (D:1)
  2 ball pythons (D:2)
  3 bats
  3 frilled lizards
  7 kobolds
  4 rats
40 creatures vanquished.

Notes
Turn   | Place    | Note
-------+----------+-------------------------------------------
     0 | D:1      | Notrik the Hill Orc Fighter began the quest for the Orb.
     0 | D:1      | Reached XP level 1. HP: 19/19 MP: 1/1
   249 | D:1      | Reached XP level 2. HP: 26/27 MP: 2/2
   684 | D:1      | Found a faded altar of an unknown god.
  1007 | D:1      | Prayed at the altar of an unknown god.
  1007 | D:1      | Became a worshipper of Warmaster Okawaru
  1007 | D:1      | Reached * piety under Okawaru
  1065 | D:2      | Reached XP level 3. HP: 34/34 MP: 3/3
  1491 | D:2      | Found a radiant altar of Vehumet.
  1845 | D:3      | Slain by an orc

Illustrated notes

Levels and vault maps discovered:
D:1:      amcnicky_arrival_flooded_fountain, layout_loops_ring,
          hellmonk_ecumenical_altar_prayer_group,
          hangedman_abyss_or_decor_stabs, minmay_pentomino_x4
D:2:      layout_loops_cross, basic_altar
D:3:      layout_loops_cross, zin_angel, uniq_natasha

Skill      XL: |  1  2  3 |
---------------+----------+-----
Axes           | 3 4 |  4.3
Fighting       | 4 |  4.7
Armour         | |  3.2
Shields        | |  3.2

Action                   || total
-------------------------++-------
Melee: War axe           ||   116
Armor: Scale mail        ||    49
Dodge: Dodged            ||    65
Block: Buckler           ||    26

Table legend: (Time is in decaauts)
 A = Elapsed time spent in this place.
 B = Non-inter-level travel time spent in this place.
 C = Inter-level travel time spent in this place.
 D = Time resting spent in this place.
 E = Time spent auto-exploring this place.
 F = Levels seen in this place.
 G = Mean time per level.
                   A        B        C        D        E       F      G
               +--------+--------+--------+--------+--------+-----+--------+
         Total |   1882 |   1751 |    131 |    113 |   1367 |   3 |  627.3 |
       Dungeon |   1882 |   1751 |    131 |    113 |   1367 |   3 |  627.3 |
               +--------+--------+--------+--------+--------+-----+--------+

Top non-repeatable levels by time:
     D:1: 1076 daAuts
     D:2: 766 daAuts
     D:3: 39 daAuts
